 Dungeon Crawl Stone Soup version 0.29.1-2-gbd0b4ee654 (webtiles) character file.

Game seed: 7313568458736999984

132 safid the Shooter (level 4, -2/41 HPs)
             Began as a Minotaur Hunter on Oct 25, 2022.
             Frozen to death by an endoplasm (5 damage)
             ... on level 4 of the Dungeon.
             The game lasted 00:03:03 (2296 turns).

safid the Shooter (Minotaur Hunter)                 Turns: 2296, Time: 00:03:03

Health: -2/41      AC:  4    Str: 16    XL:     4   Next: 92%
Magic:  3/3        EV: 12    Int:  6    God:
Gold:   115        SH:  0    Dex: 15    Spells: 3/3 levels left

rFire   . . .      SeeInvis .   a - +0 shortbow
rCold   . . .      Faith    .   (shield currently unavailable)
rNeg    . . .      Spirit   .   c - +0 leather armour
rPois   .          Reflect  .   (helmet restricted)
rElec   .          Harm     .   (no cloak)
rCorr   .          Rampage  .   d - +0 pair of gloves
Will    .....                   (no boots)
Stlth   +.........              (no amulet)
HPRegen 0.13/turn               (no ring)
MPRegen 0.08/turn               (no ring)

@: no status effects
A: horns 2, retaliatory headbutt
a: no special abilities


You were on level 4 of the Dungeon.
You visited 1 branch of the dungeon, and saw 4 of its levels.

You collected 115 gold pieces.

Inventory:

Hand Weapons
 a - a +0 shortbow (weapon)
Armour
 c - a +0 leather armour (worn)
 d - a +0 pair of gloves (worn)
Jewellery
 f - an amulet of magic regeneration
 n - a +4 ring of evasion
Scrolls
 b - 4 scrolls of identify {unknown}
 g - 2 scrolls of fear {unknown}
 j - a scroll of blinking {unknown}
 k - a scroll of noise {unknown}
 l - a scroll of magic mapping {unknown}
Potions
 e - 3 potions of curing {unknown}
 h - a potion of brilliance {unknown}
 i - a potion of resistance {unknown}
 m - a potion of mutation {unknown}


   Skills:
 + Level 4.7 Fighting
 + Level 5.7 Ranged Weapons
 - Level 2.1 Dodging
 - Level 0.7 Stealth


You had 3 spell levels left.
You didn't know any spells.
Your spell library contained the following spells:

 Spells                   Type           Power      Damage    Failure   Level
 Portal Projectile        Hex/Tloc       0%         N/A       88%         3
 Summon Guardian Golem    Hex/Summ       0%         N/A       88%         3
 Tukima's Dance           Hex            0%         N/A       88%         3
 Corpse Rot               Necr/Pois/Air  0%         N/A       99%         4
 Summon Ice Beast         Ice/Summ       0%         N/A       99%         4
 Summon Lightning Spire   Summ/Air       0%         N/A       99%         4
 Blade Hands              Tmut           0%         N/A       100%        5


Dungeon Overview and Level Annotations

Branches:
Dungeon (4/15)
 Temple: D:4-7

Altars:
Xom


Innate Abilities, Weirdness & Mutations

You have a pair of horns on your head.
You reflexively headbutt those who attack you in melee.


Message History

The iguana closely misses you.
You shoot an arrow.
The arrow hits the iguana but does no damage.
The iguana is almost dead.
A hound comes into view.
The iguana closely misses you. The adder bites you but does no damage.
You shoot an arrow. The hound barks!
The arrow hits the iguana but does no damage.
The iguana is almost dead.
The adder barely misses you. You furiously retaliate!
You headbutt the adder. The iguana bites you!
The kobold hits you but does no damage.
You shoot an arrow. The arrow closely misses the iguana.
The adder bites you but does no damage.
The hound pauses to sniff the ground.
The iguana bites you. The kobold hits you but does no damage.
The adder barely misses you. You furiously retaliate!
You headbutt the adder!
You kill the adder!
You shoot an arrow. The arrow barely misses the iguana.
The iguana bites you! The endoplasm freezes you.
You are frozen.
The kobold hits you but does no damage. The endoplasm freezes you.
You are frozen.
* * * LOW HITPOINT WARNING * * *
The kobold closely misses you. You furiously retaliate!
You headbutt the kobold, but do no damage.
The iguana barely misses you.
You are too injured to fight recklessly!
You are too injured to fight recklessly!
Unknown command.
Fire: a) +0 shortbow
Press: ? - help, Q - select action Shift-Dir - straight line, f/p - iguana
Aim: an iguana (almost dead, 66% to hit)
You shoot an arrow. The arrow barely misses the iguana.
The iguana bites you!
* * * LOW HITPOINT WARNING * * *
The kobold hits you but does no damage. The endoplasm freezes you.
You are frozen.
You die...

.##.). .#... .
. .... .. ..
#... ..#
.#.#...### ...#
.........#..#
#....†...#
#....@Kh.#
......:lJ..#
...............
........(.....#
.............##
..........#....
..........##...
...#......# ...


You could see an iguana, a hound, an endoplasm and a kobold.

Vanquished Creatures
  4 adders
  3 worms
  A dart slug (D:2)
  7 orcs (D:3)
  7 ball pythons
  7 bats
  7 endoplasms
  3 giant cockroaches
  4 goblins
  6 hobgoblins
  4 jackals (D:2)
  8 kobolds
  3 quokkas (D:2)
  2 frilled lizards
  6 rats
72 creatures vanquished.

Notes
Turn   | Place    | Note
-------+----------+-------------------------------------------
     0 | D:1      | safid the Minotaur Hunter began the quest for the Orb.
     0 | D:1      | Reached XP level 1. HP: 18/18 MP: 0/0
    96 | D:1      | Reached XP level 2. HP: 25/25 MP: 1/1
   227 | D:1      | Found a faded altar of an unknown god.
   647 | D:2      | Reached skill level 5 in Ranged Weapons
   647 | D:2      | Reached XP level 3. HP: 31/31 MP: 2/2
   996 | D:2      | Reached XP level 4. HP: 40/40 MP: 3/3
  1043 | D:2      | Got the Enchiridion on the Gathering and Toxicity
  1939 | D:3      | Found a faded altar of an unknown god.
  1944 | D:3      | Found a shimmering altar of Xom.
  2296 | D:4      | Frozen to death by an endoplasm

Illustrated notes

Levels and vault maps discovered:
D:1:      co_arrival_square_in_a_square_in_a_square, layout_loops_ring,
          dreamdust_ecumenical_altar_statues
D:2:      layout_basic, st_stairs_9, minmay_between
D:3:      layout_basic, nicolae_overflow_ecumenical_swirl, nrook_campfire,
          hangedman_decor_push, serial_bayou_pond_a, chequers_decorated_corner
D:4:      layout_cave_pools, minmay_temple_entry_slanted

Skill      XL: |  1  2  3 |
---------------+----------+-----
Fighting       | 3 4 |  4.7
Ranged Weapons | 5 |  5.7
Dodging        | |  2.1
Stealth        | |  0.7

Action                   |  1- 3 |  4- 6 || total
-------------------------+-------+-------++-------
 Fire: Shortbow          |   126 |    89 ||   215
Armor: Leather armour    |    10 |    14 ||    24
Dodge: Dodged            |    27 |    23 ||    50
